| TOP OF THE 1ST |
|
Texas Rangers batting - Pitching for California Angels : RHP Sam Alexander
|
|
Pitching: RHP Sam Alexander
|
|
|
Batting: RHB Rich Stinson
|
0-0: Ball 1-0: Foul Ball, location: 2F 1-1: Ball 2-1: Ball 3-1: Ground out 4-3 (Groundball, 4, EV 108.8 MPH)
|
|
Batting: RHB David Casas
|
0-0: Foul Ball, location: 2F 0-1: Ball 1-1: Swinging Strike 1-2: Foul Ball, location: 2F 1-2: Foul Ball, location: 2F 1-2: Ground out 5-3 (Groundball, 56, EV 98.8 MPH)
|
|
Batting: SHB Jun Tsuda
|
0-0: Ball 1-0: TRIPLE (Flyball, 89XD, EV 88.1 MPH)
|
|
Batting: SHB John Giesbrecht
|
0-0: Ball 1-0: Ball 2-0: Called Strike 2-1: Called Strike 2-2: Strikes out swinging
|
| Top of the 1st over - 0 runs, 1 hit, 0 errors, 1 left on base; Texas 0 - California 0 |
| BOTTOM OF THE 1ST |
|
California Angels batting - Pitching for Texas Rangers : RHP Javy Falcon
|
|
Pitching: RHP Javy Falcon
|
|
|
Batting: SHB Aldo Questi
|
0-0: Called Strike 0-1: Foul Ball, location: 2F 0-2: Reached on error, E3 (Groundball, 3, EV 80.6 MPH)
|
|
Batting: LHB Josh Cook
|
0-0: Called Strike 0-1: Ball 1-1: Ball 2-1: Ball 3-1: Sac Bunt to 2L - play at second, runner OUT! 2-6
|
|
Batting: RHB Dietmar Warmisch
|
0-0: Called Strike 0-1: Ball 1-1: Called Strike 1-2: Foul Ball, location: 2F 1-2: Ball 2-2: Strikes out looking
|
|
Batting: RHB Alain Delhaye
|
0-0: Ball 1-0: Swinging Strike 1-1: Called Strike 1-2: Foul Ball, location: 2F 1-2: Fielders Choice at 2nd, 6-4 (Groundball, 6, EV 90.0 MPH)
|
| Bottom of the 1st over - 0 runs, 0 hits, 1 error, 1 left on base; Texas 0 - California 0 |
| TOP OF THE 2ND |
|
Texas Rangers batting - Pitching for California Angels : RHP Sam Alexander
|
|
Batting: LHB Da Vo
|
0-0: Called Strike 0-1: Ball 1-1: Ball 2-1: Ball 3-1: Called Strike 3-2: Foul Ball, location: 2F 3-2: Base on Balls
|
|
Batting: SHB Vince Ealy
|
0-0: Ball 1-0: Called Strike 1-1: Ball 2-1: Foul Ball, location: 2F 2-2: Fly out, F7 (Flyball, 7D, EV 96.3 MPH)
|
|
Batting: LHB Cody Schumacher
|
0-0: Ball 1-0: Called Strike 1-1: Ball 2-1: Grounds into double play, 4-6-3 (Groundball, 4, EV 105.0 MPH)
|
| Top of the 2nd over - 0 runs, 0 hits, 0 errors, 0 left on base; Texas 0 - California 0 |
| BOTTOM OF THE 2ND |
|
California Angels batting - Pitching for Texas Rangers : RHP Javy Falcon
|
|
Batting: LHB Micah Miller
|
0-0: Ball 1-0: Foul Ball, location: 2F 1-1: Swinging Strike 1-2: Strikes out swinging
|
|
Batting: RHB Nick Dunn
|
0-0: Ball 1-0: Called Strike 1-1: Swinging Strike 1-2: Strikes out looking
|
|
Batting: RHB Danny Odom
|
0-0: Called Strike 0-1: DOUBLE (Line Drive, 3D, EV 98.8 MPH)
|
|
Batting: RHB Gael Jones
|
0-0: Swinging Strike 0-1: Foul Ball, location: 2F 0-2: Ball 1-2: Foul Ball, location: 2F 1-2: Strikes out looking
|
| Bottom of the 2nd over - 0 runs, 1 hit, 0 errors, 1 left on base; Texas 0 - California 0 |
| TOP OF THE 3RD |
|
Texas Rangers batting - Pitching for California Angels : RHP Sam Alexander
|
|
Batting: RHB Edwin Madrid
|
0-0: Ball 1-0: Foul Ball, location: 2F 1-1: Swinging Strike 1-2: Fly out, F9 (Flyball, 9, EV 93.1 MPH)
|
|
Batting: RHB Casey Semenza
|
0-0: Ball 1-0: Called Strike 1-1: Foul Ball, location: 2F 1-2: Foul Ball, location: 2F 1-2: Ball 2-2: Strikes out swinging
|
|
Batting: RHB Rich Stinson
|
0-0: Fly out, F7 (Line Drive, 7, EV 102.5 MPH)
|
| Top of the 3rd over - 0 runs, 0 hits, 0 errors, 0 left on base; Texas 0 - California 0 |
| BOTTOM OF THE 3RD |
|
California Angels batting - Pitching for Texas Rangers : RHP Javy Falcon
|
|
Batting: RHB Jose Pineda
|
0-0: Ball 1-0: DOUBLE (Line Drive, 89D, EV 110.0 MPH)
|
|
Batting: SHB Aldo Questi
|
0-0: Ball 1-0: SINGLE (Line Drive, 7S, EV 108.1 MPH) Jose Pineda to third Runner from 3rd tries for Home, throw by LF and OUT! 7-2
|
|
Batting: LHB Josh Cook
|
0-0: Foul Ball, location: 2F 0-1: Called Strike 0-2: Foul Ball, location: 2F 0-2: Ball Pickoff Throw by Catcher to First - Out! 1-2: Ball 2-2: Strikes out swinging
|
| Bottom of the 3rd over - 0 runs, 2 hits, 0 errors, 0 left on base; Texas 0 - California 0 |
| TOP OF THE 4TH |
|
Texas Rangers batting - Pitching for California Angels : RHP Sam Alexander
|
|
Batting: RHB David Casas
|
0-0: SINGLE (Flyball, 89S, EV 93.8 MPH)
|
|
Batting: SHB Jun Tsuda
|
0-0: Ball 1-0: Called Strike 1-1: Ball 2-1: Foul Ball, location: 2F 2-2: Ball 3-2: Foul Ball, location: 2F 3-2: Grounds into double play, U6-3 (Groundball, 4M, EV 93.1 MPH)
|
|
Batting: SHB John Giesbrecht
|
0-0: Called Strike 0-1: Foul Ball, location: 2F 0-2: Fly out, F8 (Flyball, 8LS, EV 78.1 MPH)
|
| Top of the 4th over - 0 runs, 1 hit, 0 errors, 0 left on base; Texas 0 - California 0 |
| BOTTOM OF THE 4TH |
|
California Angels batting - Pitching for Texas Rangers : RHP Javy Falcon
|
|
Batting: RHB Dietmar Warmisch
|
0-0: Ground out 4-3 (Groundball, 4, EV 92.5 MPH)
|
|
Batting: RHB Alain Delhaye
|
0-0: Ball 1-0: Ball 2-0: SINGLE (Groundball, 6, EV 101.3 MPH)
|
|
Batting: LHB Micah Miller
|
0-0: Foul Ball, location: 2F 0-1: Ball 1-1: Ball 2-1: SINGLE (Groundball, 13, EV 90.6 MPH) (infield hit) Alain Delhaye to second
|
|
Batting: RHB Nick Dunn
|
0-0: Called Strike 0-1: Fielders Choice at 2nd, 3-6 (Groundball, 34, EV 84.4 MPH) Alain Delhaye to third
|
|
Batting: RHB Danny Odom
|
0-0: Called Strike 0-1: Swinging Strike 0-2: Strikes out swinging
|
| Bottom of the 4th over - 0 runs, 2 hits, 0 errors, 2 left on base; Texas 0 - California 0 |
| TOP OF THE 5TH |
|
Texas Rangers batting - Pitching for California Angels : RHP Sam Alexander
|
|
Batting: LHB Da Vo
|
0-0: Called Strike 0-1: Swinging Strike 0-2: Strikes out swinging, 2-3 out at first.
|
|
Batting: SHB Vince Ealy
|
0-0: Ball 1-0: Ball 2-0: Called Strike 2-1: Swinging Strike 2-2: Strikes out swinging
|
|
Batting: LHB Cody Schumacher
|
0-0: Swinging Strike 0-1: Ball 1-1: Ball 2-1: Ball 3-1: Base on Balls
|
|
Batting: RHB Edwin Madrid
|
0-0: Called Strike 0-1: Ball 1-1: Ball 2-1: 2-RUN HOME RUN (Flyball, 7LD, EV 93.1 MPH), Distance : 342 ft
|
|
Batting: RHB Casey Semenza
|
0-0: Foul Ball, location: 2F 0-1: Foul Ball, location: 2F 0-2: Ball 1-2: Ball 2-2: Foul Ball, location: 2F 2-2: Fly out, F7 (Flyball, 7, EV 86.9 MPH)
|
| Top of the 5th over - 2 runs, 1 hit, 0 errors, 0 left on base; Texas 2 - California 0 |
| BOTTOM OF THE 5TH |
|
California Angels batting - Pitching for Texas Rangers : RHP Javy Falcon
|
|
Batting: RHB Gael Jones
|
0-0: Called Strike 0-1: Called Strike 0-2: Foul Ball, location: 2F 0-2: Ball 1-2: Foul Ball, location: 2F 1-2: Strikes out looking
|
|
Batting: RHB Jose Pineda
|
0-0: Ball 1-0: Ground out 2-3 (Groundball, 2L, EV 62.5 MPH)
|
|
Batting: SHB Aldo Questi
|
0-0: Called Strike 0-1: Called Strike 0-2: Fly out, F5 (Popup, 5F, EV 73.1 MPH)
|
| Bottom of the 5th over - 0 runs, 0 hits, 0 errors, 0 left on base; Texas 2 - California 0 |
| TOP OF THE 6TH |
|
Texas Rangers batting - Pitching for California Angels : RHP Sam Alexander
|
|
Batting: RHB Rich Stinson
|
0-0: Swinging Strike 0-1: Ground out 5-3 (Groundball, 5, EV 85.0 MPH)
|
|
Pitching: RHP Juan Gomez
|
|
|
Batting: RHB David Casas
|
0-0: Ball 1-0: Foul Ball, location: 2F 1-1: Called Strike 1-2: Foul Ball, location: 2F 1-2: Fly out, F9 (Flyball, 89S, EV 81.9 MPH)
|
|
Batting: SHB Jun Tsuda
|
0-0: Called Strike 0-1: Swinging Strike 0-2: Ball 1-2: Ground out 3-1 (Groundball, 34S, EV 85.0 MPH)
|
| Top of the 6th over - 0 runs, 0 hits, 0 errors, 0 left on base; Texas 2 - California 0 |
| BOTTOM OF THE 6TH |
|
California Angels batting - Pitching for Texas Rangers : RHP Javy Falcon
|
|
Batting: LHB Josh Cook
|
0-0: Ball 1-0: Ball 2-0: Called Strike 2-1: Called Strike 2-2: Strikes out swinging
|
|
Batting: RHB Dietmar Warmisch
|
0-0: Called Strike 0-1: Called Strike 0-2: Foul Ball, location: 2F 0-2: Strikes out looking
|
|
Batting: RHB Alain Delhaye
|
0-0: Called Strike 0-1: Ball 1-1: SINGLE (Groundball, 56D, EV 103.8 MPH)
|
|
Batting: LHB Micah Miller
|
0-0: Ball 1-0: Ground out 1-3 (Groundball, 15S, EV 66.3 MPH)
|
| Bottom of the 6th over - 0 runs, 1 hit, 0 errors, 1 left on base; Texas 2 - California 0 |
| TOP OF THE 7TH |
|
Texas Rangers batting - Pitching for California Angels : RHP Juan Gomez
|
|
Batting: SHB John Giesbrecht
|
0-0: Ball 1-0: Ball 2-0: Fly out, F4 (Flyball, 4D, EV 84.4 MPH)
|
|
Batting: LHB Da Vo
|
0-0: Foul Ball, location: 2F 0-1: Ball 1-1: Ball 2-1: Called Strike 2-2: Foul Ball, location: 2F 2-2: Ball 3-2: Fly out, F7 (Flyball, 7, EV 94.4 MPH)
|
|
Batting: SHB Vince Ealy
|
0-0: Called Strike 0-1: Foul Ball, location: 2F 0-2: Strikes out swinging
|
| Top of the 7th over - 0 runs, 0 hits, 0 errors, 0 left on base; Texas 2 - California 0 |
| BOTTOM OF THE 7TH |
|
California Angels batting - Pitching for Texas Rangers : RHP Javy Falcon
|
|
Now at 1B: Johan de Vries
|
|
|
Batting: RHB Nick Dunn
|
0-0: Called Strike 0-1: Called Strike 0-2: Strikes out swinging
|
|
Batting: RHB Danny Odom
|
0-0: Ball 1-0: Ground out 6-3 (Groundball, 56, EV 90.6 MPH)
|
|
Batting: RHB Gael Jones
|
0-0: Called Strike 0-1: Ball 1-1: SINGLE (Groundball, 56D, EV 100.6 MPH) (infield hit)
|
|
Batting: RHB Jose Pineda
|
0-0: Ground out 5-3 (Groundball, 25, EV 86.9 MPH)
|
| Bottom of the 7th over - 0 runs, 1 hit, 0 errors, 1 left on base; Texas 2 - California 0 |
| TOP OF THE 8TH |
|
Texas Rangers batting - Pitching for California Angels : RHP Juan Gomez
|
|
Pitching: LHP Dan Poirier
|
|
|
Batting: LHB Cody Schumacher
|
0-0: Ball 1-0: Foul Ball, location: 2F 1-1: Swinging Strike 1-2: Strikes out swinging
|
|
Pitching: RHP Jakub Kvacek
|
|
|
Batting: RHB Edwin Madrid
|
0-0: Called Strike 0-1: Ball 1-1: Fly out, F7 (Flyball, 7D, EV 87.5 MPH)
|
|
Batting: RHB Casey Semenza
|
0-0: Ball 1-0: Swinging Strike 1-1: Ball 2-1: Foul Ball, location: 2F 2-2: Foul Ball, location: 2F 2-2: Strikes out looking
|
| Top of the 8th over - 0 runs, 0 hits, 0 errors, 0 left on base; Texas 2 - California 0 |
| BOTTOM OF THE 8TH |
|
California Angels batting - Pitching for Texas Rangers : RHP Javy Falcon
|
|
Batting: SHB Aldo Questi
|
0-0: Ball 1-0: Called Strike 1-1: Swinging Strike 1-2: DOUBLE (Flyball, 8LXD, EV 104.4 MPH)
|
|
Batting: LHB Josh Cook
|
0-0: Called Strike 0-1: Ball 1-1: Ball 2-1: Swinging Strike 2-2: Foul Ball, location: 2F 2-2: Ball 3-2: Strikes out swinging
|
|
Batting: RHB Dietmar Warmisch
|
0-0: Called Strike 0-1: Called Strike 0-2: Ball 1-2: Strikes out swinging
|
|
Batting: RHB Alain Delhaye
|
0-0: SINGLE (Groundball, 6MD, EV 98.8 MPH) Aldo Questi to third Runner from 3rd tries for Home, SAFE, throw by CF to home Alain Delhaye to second
|
|
Batting: LHB Micah Miller
|
0-0: Called Strike 0-1: Ball 1-1: Swinging Strike 1-2: Ball 2-2: Foul Ball, location: 2F 2-2: Ball 3-2: Base on Balls
|
|
Batting: RHB Nick Dunn
|
0-0: Ball 1-0: Called Strike 1-1: Swinging Strike 1-2: Fly out, F8 (Flyball, 8LXD, EV 92.5 MPH)
|
| Bottom of the 8th over - 1 run, 2 hits, 0 errors, 2 left on base; Texas 2 - California 1 |
| TOP OF THE 9TH |
|
Texas Rangers batting - Pitching for California Angels : RHP Jakub Kvacek
|
|
Batting: RHB Rich Stinson
|
0-0: Called Strike 0-1: Ball 1-1: Ball 2-1: SINGLE (Groundball, 56, EV 101.3 MPH)
|
|
Batting: LHB Johan de Vries
|
0-0: Bunted foul 0-1: Ball 1-1: Ball 2-1: Sac Bunt to 3S - play at first, batter OUT! 3-4 Rich Stinson to second
|
|
Batting: SHB Jun Tsuda
|
0-0: Ball 1-0: SINGLE (Line Drive, 34D, EV 97.5 MPH) Rich Stinson to third Runner from 3rd tries for Home, SAFE, throw by RF to home
|
|
Batting: SHB John Giesbrecht
|
0-0: Ball Jun Tsuda steals 2nd base 1-0: Ball 2-0: Foul Ball, location: 2F 2-1: Ball 3-1: Called Strike 3-2: Ground out 3-1 (Groundball, 34, EV 89.4 MPH) Jun Tsuda to third
|
|
Batting: LHB Da Vo
|
0-0: Called Strike 0-1: Ball 1-1: Foul Ball, location: 2F 1-2: Ball 2-2: DOUBLE (Flyball, 89D, EV 102.5 MPH) Jun Tsuda scores
|
|
Pitching: RHP Joel Ciampi
|
|
|
Batting: SHB Vince Ealy
|
0-0: Ball 1-0: Fly out, F6 (Popup, 4MD, EV 53.8 MPH)
|
| Top of the 9th over - 2 runs, 3 hits, 0 errors, 1 left on base; Texas 4 - California 1 |
| BOTTOM OF THE 9TH |
|
California Angels batting - Pitching for Texas Rangers : RHP Javy Falcon
|
|
Pitching: RHP Brad Kramer
|
|
|
Batting: RHB Danny Odom
|
0-0: Ball 1-0: Ball 2-0: Called Strike 2-1: Foul Ball, location: 2F 2-2: Strikes out swinging
|
|
Batting: RHB Gael Jones
|
0-0: Swinging Strike 0-1: Ball 1-1: Foul Ball, location: 2F 1-2: Strikes out looking
|
|
Batting: RHB Jose Pineda
|
0-0: Ball 1-0: Fly out, F4 (Popup, 34, EV 73.1 MPH)
|
| Bottom of the 9th over - 0 runs, 0 hits, 0 errors, 0 left on base; Texas 4 - California 1 |
|